 Dungeon Crawl Stone Soup version 0.32-a0-128-g77eb882913 (webtiles) character file.

Game seed: 4393826878847069823

380 IdlyInterested the Cutter (level 6, -1/47 HPs)
             Began as a Demonspawn Fighter on Feb 7, 2024.
             Slain by a lemure (2 damage)
             ... led by Pikel
             ... on level 4 of the Dungeon.
             The game lasted 00:08:44 (2840 turns).

IdlyInterested the Cutter (Demonspawn Fighter)      Turns: 2840, Time: 00:08:44

Health: -1/47      AC: 12    Str: 16    XL:     6   Next: 46%
Magic:  6/6        EV:  7    Int:  8    God:
Gold:   46         SH:  5    Dex: 15    Spells: 5/5 levels left

rFire   . . .        v - +1 rapier (venom)
rCold   . . .        c - +0 buckler
rNeg    . . .        i - +0 chain mail
rPois   .            (no helmet)
rElec   .            (no cloak)
rCorr   .            b - +0 pair of gloves
SInv    .            (no boots)
Will    .....        n - amulet of magic regeneration Stlth
                     (no ring)
HPRegen 0.27/turn    (no ring)
MPRegen 0.50/turn

%: no passive effects
@: no status effects
A: hooves 2, slimy green scales 1, powered by death 2
a: no special abilities


You were on level 4 of the Dungeon.
You visited 1 branch of the dungeon, and saw 4 of its levels.

You collected 193 gold pieces.
You spent 147 gold pieces at shops.

Inventory:

Hand Weapons
 a - a +0 rapier
 g - a +1 short sword of venom
 v - a +1 rapier of venom (weapon)
Missiles
 f - 16 stones (quivered)
 l - 7 boomerangs
 x - a poisoned dart
Armour
 b - a +0 pair of gloves (worn)
 c - a +0 buckler (worn)
 i - a +0 chain mail (worn)
Jewellery
 n - an amulet of magic regeneration (around neck)
Wands
 q - a wand of light (9)
Scrolls
 h - a scroll of immolation
 k - a scroll of enchant armour {unknown}
 p - a scroll of teleportation
 s - a scroll of blinking
 t - a scroll of fear
 w - a scroll of torment {unknown}
Potions
 d - 2 potions of might
 e - a potion of resistance
 j - a potion of brilliance {unknown}
 m - 2 potions of magic {unknown}
 r - a potion of haste {unknown}
 u - a potion of enlightenment {unknown}


   Skills:
 - Level 3.0 Fighting
 * Level 4.9 Short Blades
 - Level 1.0 Throwing
 - Level 3.0 Armour
 - Level 1.0 Dodging
 - Level 1.0 Stealth
 + Level 3.8 Shields
 - Level 1.0 Evocations


You had 5 spell levels left.
You didn't know any spells.
Your spell library contained the following spells:

 Spells                   Type           Power      Damage    Failure   Level
 Magic Dart               Conj           0%         1d3       100%        1
 Searing Ray              Conj           0%         2d4       100%        2
 Tukima's Dance           Hex            0%         N/A       100%        3
 Animate Armour           Summ/Erth      0%         N/A       100%        4
 Fulminant Prism          Conj/Alch      0%         3d5       100%        4
 Passage of Golubria      Tloc           0%         N/A       100%        4
 Summon Lightning Spire   Summ/Air       0%         N/A       100%        4
 Lee's Rapid Deconstruct  Erth           0%         3d4*      100%        5
 Yara's Violent Unravell  Hex/Alch       0%         3d3       100%        5


Dungeon Overview and Level Annotations

Branches:
Dungeon (4/15)
 Temple: D:4-7

Altars:

Shops:
D:1 (

Annotations:
D:4 Pikel


Innate Abilities, Weirdness & Mutations

You have hoof-like feet.
You are partially covered in slimy green scales. (AC +2)
You regenerate health from kills.


Message History

The lemure hits you but does no damage. The lemure hits you.
* * * LOW HITPOINT WARNING * * *
The lemure hits you!
* * * LOW HITPOINT WARNING * * *
You block Pikel's attack.
It was a potion of curing.
You feel better.
The lemure hits you but does no damage. x2; The lemure barely misses you.
You block Pikel's attack.
You hit Pikel but do no damage.
Pikel looks as sick as possible!
You kick Pikel.
Pikel is severely wounded.
The lemure hits you!
* * * LOW HITPOINT WARNING * * *
The lemure hits you but does no damage. The lemure hits you.
* * * LOW HITPOINT WARNING * * *
You feel better. You block Pikel's attack. The lemure hits you.
* * * LOW HITPOINT WARNING * * *
You block the lemure's attack. The lemure hits you but does no damage.
Unknown command.
You feel better. Pikel hits you but does no damage.
The lemure barely misses you.
The lemure hits you but does no damage. x2
You hit Pikel.
Pikel looks as sick as possible!
Your kick misses Pikel.
Pikel is almost dead.
Pikel hits you with a +2 whip of freezing.
* * * LOW HITPOINT WARNING * * *
Pikel freezes you.
* * * LOW HITPOINT WARNING * * *
The lemure hits you but does no damage. The lemure hits you.
* * * LOW HITPOINT WARNING * * *
The lemure barely misses you.
You hit Pikel but do no damage.
Pikel looks as sick as possible!
Pikel is almost dead.
Pikel barely misses you. The lemure barely misses you.
The lemure hits you but does no damage. The lemure hits you!
* * * LOW HITPOINT WARNING * * *
You completely miss Pikel. Your kick misses Pikel.
Pikel is almost dead.
Pikel barely misses you. You block the lemure's attack.
The lemure hits you but does no damage. The lemure hits you.
You die...

###............###.....
..#...........#.#.#.....
........#.#.....#...#...
#.....#.###..#..#..#..#
#.##..#####..#.....#..#
...#...##....#.>......##
..##.####..##..#...##...
..#..#.#..##.5##55......
..>........#.K##@5.##...
...#)..........K...# ..
...#..............##
#.##...#...#......#
#.##.###.#........##
.......#............
..#...........#......
....................#
.....###...........##


You could see Pikel (extremely poisoned) and 3 lemures.

Vanquished Creatures
  A lemure (D:3)
  A bombardier beetle (D:4)
  A gnoll bouda (D:4)
  2 hounds (D:4)
  3 orc wizards
  8 gnolls
  2 adders (D:4)
  4 dart slugs
  6 orcs
  13 ball pythons
  7 endoplasms
  8 hobgoblins
  3 quokkas
  4 bats
  5 frilled lizards
  9 goblins
  7 kobolds
  7 rats
91 creatures vanquished.

Notes
Turn   | Place    | Note
-------+----------+-------------------------------------------
     0 | D:1      | IdlyInterested the Demonspawn Fighter began the quest for
                  | the Orb.
     0 | D:1      | Reached XP level 1. HP: 18/18 MP: 1/1
    90 | D:1      | Reached skill level 2 in Short Blades
   154 | D:1      | Found Lalekhit's Antique Weapon Boutique.
   317 | D:1      | Gained mutation: You have large cloven feet. [demonic
                  | ancestry]
   317 | D:1      | Reached XP level 2. HP: 23/24 MP: 2/2
   851 | D:1      | Gained mutation: You regenerate a little health from kills.
                  | [demonic ancestry]
   851 | D:1      | Reached XP level 3. HP: 29/29 MP: 3/3
  1081 | D:2      | Reached skill level 3 in Short Blades
  1081 | D:2      | Reached skill level 1 in Dodging
  1095 | D:2      | Gained mutation: You are partially covered in slimy green
                  | scales. (AC +2) [demonic ancestry]
  1095 | D:2      | Reached XP level 4. HP: 13/35 MP: 4/4
  1584 | D:2      | Found a faded altar of an unknown god.
  1766 | D:3      | Reached skill level 1 in Throwing
  1913 | D:3      | Gained mutation: You regenerate health from kills. [demonic
                  | ancestry]
  1913 | D:3      | Reached XP level 5. HP: 30/41 MP: 5/5
  1981 | D:3      | Reached skill level 1 in Stealth
  2401 | D:1      | Bought a runed rapier for 147 gold pieces
  2470 | D:4      | Noticed Pikel
  2470 | D:4      | Noticed a lemure
  2470 | D:4      | Noticed a lemure
  2470 | D:4      | Noticed a lemure
  2470 | D:4      | Noticed a lemure
  2480 | D:3      | Killed a lemure
  2545 | D:4      | Reached skill level 4 in Short Blades
  2545 | D:4      | Reached skill level 1 in Evocations
  2576 | D:4      | Gained mutation: You have hoof-like feet. [demonic
                  | ancestry]
  2576 | D:4      | Reached XP level 6. HP: 45/47 MP: 6/6
  2833 | D:4      | HP: 2/47 [lemure[Pikel] (7)]
  2839 | D:4      | HP: 1/47 [lemure[Pikel] (8)]
  2840 | D:4      | Slain by a lemure

Illustrated notes

Levels and vault maps discovered:
D:1:      dpeg_arrival_three_same_balls, layout_basic, serial_shops,
          nicolae_shop_pleasant_corner_grove
D:2:      layout_rooms, nicolae_ecumenical_snake_handling
D:3:      layout_loops_ring
D:4:      layout_cave_pools, minmay_temple_entry_arrows, serial_park_tiny_1,
          bh_walls_and_bars, uniq_crazy_yiuf_cottage, uniq_pikel, uniq_menkaure

Skill      XL: |  1  2  3  4  5 |
---------------+----------------+-----
Short Blades   | 2 3 4 |  4.9
Armour         | 3 |  3.0
Dodging        | 1 |  1.0
Shields        | 3 |  3.8
Throwing       | 1 |  1.0
Stealth        | 1 |  1.0
Evocations     | 1 |  1.0
Fighting       | |  3.0

Action                     |  1- 3 |  4- 6 || total
---------------------------+-------+-------++-------
  Melee: Rapier            |    34 |   101 ||   135
         Short sword       |    67 |    64 ||   131
         Kick              |     8 |    46 ||    54
  Throw: Stone             |     5 |     7 ||    12
         Dart              |       |     1 ||     1
    Use: Scroll            |       |     4 ||     4
         Potion            |       |     4 ||     4
 Armour: Scale mail        |    28 |       ||    28
         Chain mail        |    47 |   152 ||   199
  Dodge: Dodged            |    39 |    65 ||   104
  Block: Buckler           |    14 |    40 ||    54

Table legend: (Time is in decaauts)
 A = Elapsed time spent in this place.
 B = Non-inter-level travel time spent in this place.
 C = Inter-level travel time spent in this place.
 D = Time resting spent in this place.
 E = Time spent auto-exploring this place.
 F = Levels seen in this place.
 G = Mean time per level.
                   A        B        C        D        E       F      G
               +--------+--------+--------+--------+--------+-----+--------+
         Total |   2833 |   2570 |    263 |    190 |   1696 |   4 |  708.2 |
       Dungeon |   2833 |   2570 |    263 |    190 |   1696 |   4 |  708.2 |
               +--------+--------+--------+--------+--------+-----+--------+

Top non-repeatable levels by time:
     D:1: 1083 daAuts
     D:3: 719 daAuts
     D:2: 703 daAuts
     D:4: 326 daAuts
